cohdb
Replays
Latest Replays
All Replays
Popular Replays
Top Player Replays
Match Explorer
How It Works
Community
CoH3 Stats
Reddit
Sign in to upload your games and track your stats! →
Sign in with Steam
Match 24278004
Unlisted
Match 24278004
Overview
Messages
Build Orders
End
Construct Barracks
Engineer Squad
Riflemen Squad
Grenade Package
M1 Mortar Team
Construct Medical Station
Construct Weapon Support Center
Bazooka Squad
M1919 Machine Gun Team
Infantry Support Center
Riflemen Squad
M1918 Browning Automatic Rifles
Construct Motor Pool
M8 Greyhound Armored Car
M3 Armored Personnel Carrier
serezhka13
aware
Zander
insane
iceman
UH|ck
0
0
Comments
sign in to comment!
No comments posted yet!